 Dungeon Crawl Stone Soup version 0.29.0-4-gdea44cf6ec (webtiles) character file.

Game seed: 17917149575601989643

1831 Flugkiller the Cleaver (level 8, 0/74 HPs)
             Began as a Minotaur Fighter on Aug 27, 2022.
             Slain by an iguana (7 damage)
             ... on level 7 of the Dungeon.
             The game lasted 00:03:08 (5802 turns).

Flugkiller the Cleaver (Minotaur Fighter)           Turns: 5802, Time: 00:03:09

Health: 0/74       AC: 14    Str: 21    XL:     8   Next: 86%
Magic:  7/7        EV:  9    Int:  5    God:
Gold:   307        SH:  4    Dex: 12    Spells: 7/7 levels left

rFire   . . .      SeeInvis .   a - +0 war axe (vorpal)
rCold   . . .      Faith    .   c - +0 buckler
rNeg    . . .      Spirit   .   b - +0 scale mail
rPois   .          Reflect  .   (helmet restricted)
rElec   .          Harm     .   (no cloak)
rCorr   .          Rampage  .   f - +2 pair of gloves
Will    .....                   h - +2 pair of boots
Stlth   ..........              (no amulet)
HPRegen 0.22/turn               (no ring)
MPRegen 0.10/turn               (no ring)

@: no status effects
A: horns 2, retaliatory headbutt
a: no special abilities


You were on level 7 of the Dungeon.
You visited 1 branch of the dungeon, and saw 7 of its levels.
You also visited: Sewer.

You collected 307 gold pieces.

Inventory:

Hand Weapons
 a - a +0 vorpal war axe (weapon)
Armour
 b - a +0 scale mail (worn)
 c - a +0 buckler (worn)
 f - a +2 pair of gloves (worn)
   (You found it on level 4 of the Dungeon)
 h - a +2 pair of boots (worn)
   (You found it in a sewer)
Scrolls
 e - 4 scrolls of noise
 l - a scroll of silence {unknown}
 m - a scroll of summoning
 n - a scroll of brand weapon
 o - a scroll of enchant weapon
 p - 3 scrolls of vulnerability
 r - 5 scrolls of identify
 t - 8 scrolls of teleportation
Potions
 d - 2 potions of brilliance
 g - 2 potions of attraction
 i - a potion of mutation
 j - 2 potions of haste {unknown}
 k - a potion of cancellation {unknown}
 q - 2 potions of curing
 s - 6 potions of flight
 u - a potion of lignification
 v - a potion of magic {unknown}
 w - 2 potions of heal wounds


   Skills:
 + Level 7.8 Fighting
 * Level 10.0 Axes
 + Level 7.8 Armour
 - Level 3.6 Shields


You had 7 spell levels left.
You didn't know any spells.
Your spell library was empty.

Dungeon Overview and Level Annotations

Branches:
Dungeon (7/15)              Sewer (visited)
 Temple: D:4-7

Altars:
Elyvilon
Ru
Sif Muna


Innate Abilities, Weirdness & Mutations

You have a pair of horns on your head.
You reflexively headbutt those who attack you in melee.


Message History

The steam dragon hisses angrily.
You hear an angry hiss.
The steam dragon breathes steam at you. The ball of steam misses you.
The steam dragon moves out of view.
You're standing in a cloud of steam!
You're standing in a cloud of steam!
You're standing in a cloud of steam!
No target in view!
No target in view!
No target in view!
No target in view!
You are engulfed in a cloud of scalding steam.
Found a scroll of identify.
A steam dragon comes into view.
The steam dragon hisses angrily.
A sky beast comes into view.
A shadow imp comes into view.
You slash the steam dragon! Your headbutt misses the steam dragon.
The steam dragon is moderately wounded.
You block the steam dragon's attack.
The steam dragon claws you but does no damage.
You slash the steam dragon!
The steam dragon is severely wounded.
The steam dragon breathes steam at you. The ball of steam hits you!
You hear an angry hiss.
You barely miss the steam dragon.
The steam dragon is severely wounded.
You are engulfed in a cloud of scalding steam.
You block the steam dragon's attack. x2
You hit the steam dragon but do no damage.
The steam dragon is severely wounded.
You are engulfed in a cloud of scalding steam.
The steam dragon bites you but does no damage.
The steam dragon barely misses you.
You hit the steam dragon but do no damage.
You headbutt the steam dragon, but do no damage.
The steam dragon is severely wounded.
You are engulfed in a cloud of scalding steam.
The steam dragon bites you but does no damage.
The steam dragon claws you but does no damage.
An iguana comes into view.
You hit the steam dragon. You headbutt the steam dragon.
You kill the steam dragon!
You are engulfed in a cloud of scalding steam.
You closely miss the shadow imp. The steam dragon breathes steam at you.
The ball of steam hits the shadow imp!
The shadow imp dies!
The ball of steam hits you!! The sky beast barely misses you.
You furiously retaliate!
You headbutt the sky beast! The steam dragon bites you!
You block the steam dragon's attack.
You slash the sky beast!
The sky beast is almost dead.
You hit the steam dragon.
The steam dragon bites you but does no damage.
The steam dragon claws you.
The sky beast hits you but does no damage.
You hit the sky beast.
You kill the sky beast!
You completely miss the iguana.
You hit the steam dragon but do no damage.
The iguana closely misses you.
The steam dragon bites you but does no damage.
The steam dragon misses you.
Your Axes skill increases to level 10!
You slash the steam dragon!
The steam dragon is heavily wounded.
You barely miss the iguana.
A white imp comes into view.
The steam dragon breathes steam at you. The ball of steam hits you!
The iguana barely misses you.
The white imp shouts, "Turn tail, thou puking dizzy-eyed vulture!"
You are too injured to fight recklessly!
You are too injured to fight recklessly!
You are too injured to fight recklessly!
You are too injured to fight recklessly!
You are too injured to fight recklessly!
You are too injured to fight recklessly!
You are too injured to fight recklessly!
You are too injured to fight recklessly!
You are too injured to fight recklessly!
You are too injured to fight recklessly!
You are too injured to fight recklessly!
Unknown command.
You hit the steam dragon but do no damage.
The steam dragon is heavily wounded.
You hit the iguana but do no damage.
You are engulfed in a cloud of scalding steam.
The iguana bites you. The steam dragon barely misses you.
The steam dragon claws you.
* * * LOW HITPOINT WARNING * * *
You barely miss the steam dragon. Your headbutt misses the steam dragon.
The steam dragon is heavily wounded.
You barely miss the iguana.
You are engulfed in a cloud of scalding steam.
* * * LOW HITPOINT WARNING * * *
The steam dragon bites you.
* * * LOW HITPOINT WARNING * * *
The steam dragon barely misses you. The iguana bites you!
You die...

. . .+# #.. #.# #
#5##### #. #.#...#
...##'##...#.#
+....@+##..### #...lD#
#....# #..?..#
#..#.#########
...#...#...#...........#
.#.......<......######.#
#.#.#########..# #.#.
#).# # #. #..# #..#


You could see a steam dragon (catching breath), an iguana and a white imp.

Vanquished Creatures
  Grinder (D:4)
  Sigmund (D:5)
  Eustachio (D:4)
  A steam dragon (D:7)
  Edmund (D:5)
  A sky beast (D:7)
  2 ogres
  A centaur (D:6)
  A gnoll sergeant (D:5)
  A jelly (D:4)
  5 hounds
  2 orc priests (D:3)
  Ijyb (D:3)
  2 iguanas
  An orc wizard (D:3)
  8 gnolls
  13 adders
  5 river rats
  5 worms
  4 dart slugs
  4 orcs
  8 bats
  8 endoplasms
  6 giant cockroaches
  8 goblins
  5 hobgoblins
  8 jackals
  6 quokkas
  9 ball pythons
  8 frilled lizards
  3 kobolds
  7 rats
137 creatures vanquished.

Vanquished Creatures (others)
  A shadow imp (D:7)
1 creature vanquished.

Grand Total: 138 creatures vanquished

Notes
Turn   | Place    | Note
-------+----------+-------------------------------------------
     0 | D:1      | Flugkiller the Minotaur Fighter began the quest for the
                  | Orb.
     0 | D:1      | Reached XP level 1. HP: 19/19 MP: 0/0
   138 | D:1      | Found a faded altar of an unknown god.
   234 | D:1      | Reached skill level 3 in Axes
   234 | D:1      | Reached XP level 2. HP: 26/27 MP: 1/1
   749 | D:2      | Reached XP level 3. HP: 29/33 MP: 2/2
   944 | D:2      | Reached skill level 4 in Axes
   947 | D:2      | Reached XP level 4. HP: 25/40 MP: 3/3
  1526 | D:3      | Noticed Ijyb
  1532 | D:3      | Killed Ijyb
  1641 | D:3      | Found a shimmering blue altar of Sif Muna.
  1767 | D:3      | Reached skill level 5 in Axes
  1767 | D:3      | Reached XP level 5. HP: 15/47 MP: 4/4
  1787 | D:3      | Reached skill level 5 in Armour
  2024 | D:3      | Reached skill level 5 in Fighting
  2290 | D:4      | Noticed Eustachio
  2295 | D:4      | Reached XP level 6. HP: 52/56 MP: 5/5
  2335 | D:4      | Killed Eustachio
  2336 | D:4      | Reached skill level 6 in Axes
  2731 | D:4      | Found a glowing drain.
  2735 | Sewer    | Entered a sewer
  3058 | Sewer    | Reached XP level 7. HP: 62/62 MP: 6/6
  3744 | D:4      | Noticed Grinder
  3746 | D:4      | Paralysed by Grinder for 2 turns
  3757 | D:4      | Killed Grinder
  3758 | D:4      | Reached skill level 7 in Axes
  3915 | D:5      | Entered Level 5 of the Dungeon
  4138 | D:5      | Reached skill level 8 in Axes
  4255 | D:5      | Reached XP level 8. HP: 61/71 MP: 7/7
  4542 | D:5      | Noticed Edmund
  4564 | D:5      | Killed Edmund
  4735 | D:5      | Noticed Sigmund
  4741 | D:5      | Killed Sigmund
  4742 | D:5      | Reached skill level 9 in Axes
  5223 | D:6      | Found a white marble altar of Elyvilon.
  5291 | D:6      | Identified the +10 glaive of Caoggoff {flame, rPois Str+3}
  5708 | D:7      | Found a sacrificial altar of Ru.
  5800 | D:7      | Reached skill level 10 in Axes
  5802 | D:7      | Slain by an iguana

Illustrated notes

Levels and vault maps discovered:
D:1:      minmay_arrival_plants_in_alcoves, layout_basic, basic_ecumenical_altar
D:2:      layout_loops_cross, grunt_ministairs_15
D:3:      layout_basic, led_sif_pool, uniq_ijyb
D:4:      layout_rooms, lightli_sewer_entry_pipes, wad_floor_pattern_2,
          uniq_eustachio, uniq_grinder
D:5:      layout_basic, roderic_serpentine_path, skrybe_limestone_x,
          sigmund_edmund_badplayer
D:6:      layout_gridville, mainiacjoe_overflow_24_doors
D:7:      layout_loops_ring, overflow_temple_1_default,
          minmay_temple_entry_wispy, minmay_fractal_squares_diagonal_5,
          uniq_maggie

Skill      XL: |  1  2  3  4  5  6  7  8 |
---------------+-------------------------+-----
Axes           | 3 4 5 6 8 10 | 10.0
Fighting       | 4 5 6 7 |  7.8
Armour         | 4 5 6 7 |  7.8
Shields        | |  3.6

Action                   |  1- 3 |  4- 6 |  7- 9 || total
-------------------------+-------+-------+-------++-------
Melee: War axe           |    57 |   143 |   117 ||   317
       Headbutt          |     8 |    22 |    22 ||    52
  Use: Potion            |       |     3 |     3 ||     6
       Scroll            |       |       |    11 ||    11
Armor: Scale mail        |    18 |    76 |    49 ||   143
Dodge: Dodged            |    34 |    85 |    67 ||   186
Block: Buckler           |    10 |    43 |    28 ||    81
